 Dungeon Crawl Stone Soup version 0.27.1-2-g3b301248ec (webtiles) character file.

Game seed: 14632854301245352152

26 Descartes the Sneak (level 2, -3/14 HPs)
             Began as a Felid Delver on Oct 2, 2021.
             Slain by an iguana (12 damage)
             ... on level 5 of the Dungeon.
             The game lasted 00:01:44 (452 turns).

Descartes the Sneak (Felid Delver)                   Turns: 452, Time: 00:01:44

Health: -3/14      AC:  1    Str:  8    XL:     2   Next: 89%
Magic:  3/3        EV: 18    Int: 11    God:
Gold:   32         SH:  0    Dex: 17    Spells: 1/1 levels left
                                        Lives:  0   Deaths: 0

rFire    . . .     SeeInvis +     - Unarmed
rCold    . . .     Faith    .   (shield unavailable)
rNeg     . . .     Spirit   .   (armour unavailable)
rPois    .         Reflect  .   (helmet unavailable)
rElec    .         Harm     .   (cloak unavailable)
rCorr    .         Rampage  .   (gloves unavailable)
Will     .....                  (boots unavailable)
Stlth    ++++......             (no amulet)
HPRegen  0.04/turn              (no ring)
MPRegen  0.08/turn              (no ring)

@: quick
A: very small, claws 1, fangs 3, see invisible, speed 1, shaggy fur 1, stealthy
paws, no weapons or thrown items, no armour, multi-lived
a: no special abilities


You were on level 5 of the Dungeon.
You visited 1 branch of the dungeon, and saw 1 of its levels.

You collected 32 gold pieces.

Inventory:

Jewellery
 h - a ring of ice
Wands
 e - a wand of digging (3)
Scrolls
 a - a scroll of fog
 b - a scroll of magic mapping
 c - a scroll of fear
 i - a scroll of identify {unknown}
Potions
 d - a potion of haste
 f - a potion of curing {unknown}
 g - a potion of might {unknown}


   Skills:
 - Level 3.0 Fighting
 + Level 3.4 Dodging
 * Level 7.4 Stealth
 - Level 2.0 Unarmed Combat


You had one spell level left.
You didn't know any spells.
Your spell library contained the following spells:

 Spells                   Type           Power      Damage    Failure   Level
 Gell's Gravitas          Tloc           0%         N/A       71%         3
 Teleport Other           Tloc           0%         N/A       71%         3
 Dispersal                Tloc           0%         N/A       100%        6


Dungeon Overview and Level Annotations

Branches:
Dungeon (5/15)
 Temple: D:4-7

Altars:
Kikubaaqudgha

Annotations:
D:5 Eustachio


Innate Abilities, Weirdness & Mutations

You have sharp claws.
You have razor-sharp teeth.
You have supernaturally acute eyesight. (SInv)
You cover ground quickly. (Speed+)
You are covered in fur. (AC +1)
Your paws help you pounce on unaware monsters.
You are incapable of wielding weapons or throwing items.
You cannot wear armour.
You gain extra lives every three experience levels.


Message History

You scratch the orc.
You kill the orc!
An adder comes into view.
You pounce on the unaware helpless adder!
You mangle the adder!!
You kill the adder!
You see here a scroll labelled BADIMA HUOMOICS.
i - a scroll labelled BADIMA HUOMOICS You scratch the black bear.
Your bite misses the black bear.
The black bear is lightly wounded.
The black bear completely misses you. The black bear misses you.
The black bear closely misses you.
You barely miss the black bear. You bite the black bear.
The black bear is lightly wounded.
The black bear bites you. The black bear barely misses you.
The black bear misses you.
Found a There-And-Back Book.
You pick up a There-And-Back Book and begin reading...
You add the spells Gell's Gravitas, Teleport Other and Dispersal to your library.
Okay, then.
You now have 32 gold pieces (gained 10).
An iguana comes into view.
The iguana hisses angrily.
You scratch the iguana but do no damage.
The iguana closely misses you.
You barely miss the iguana. The iguana completely misses you.
You scratch the iguana but do no damage.
The iguana barely misses you.
You closely miss the iguana. The iguana barely misses you.
You scratch the iguana.
The iguana is lightly wounded.
The iguana closely misses you.
You scratch the iguana but do no damage.
The iguana misses you.
You scratch the iguana but do no damage.
The iguana misses you.
You scratch the iguana but do no damage.
The iguana bites you!
Ouch! That really hurt!
You die...

#.# #.# #. #.#.#.
#.#.#.#
#.#....########
#.#...........#
#l#...........####
#@#.#............#
#.#.###.......##..
#.#...............
##.##..............
#..................
#####...)..........
#..............
#..............
####..............


You could see an iguana.

Vanquished Creatures
  A hound zombie (D:5)
  An adder (D:5)
  An orc (D:5)
3 creatures vanquished.

Notes
Turn   | Place    | Note
-------+----------+-------------------------------------------
     0 | D:5      | Descartes the Felid Delver began the quest for the Orb.
     0 | D:5      | Reached XP level 1. HP: 10/10 MP: 2/2
    49 | D:5      | Found an ancient bone altar of Kikubaaqudgha.
    57 | D:5      | Reached skill level 7 in Stealth
    57 | D:5      | Reached XP level 2. HP: 4/14 MP: 3/3
   301 | D:5      | Noticed Eustachio
   312 | D:5      | Noticed a black bear
   452 | D:5      | Slain by an iguana

Illustrated notes

Levels and vault maps discovered:
D:5:      layout_basic, mainiacjoe_overflow_boulevard, uniq_eustachio

Skill      XL: |  1 |
---------------+----+-----
Dodging        | 3 |  3.4
Stealth        | 7 |  7.4
Fighting       | |  3.0
Unarmed Combat | |  2.0

Action                   || total
-------------------------++-------
Melee: Unarmed           ||    24
       Bite              ||     5
 Stab: Sleeping          ||     1
Dodge: Dodged            ||    19
